 Dungeon Crawl Stone Soup version 0.30-a0-373-gd37427bb62 (webtiles) character file.

Game seed: 17949487796900635012

170 bande the Trooper (level 5, -2/33 HPs)
             Began as a Gargoyle Fighter on Nov 24, 2022.
             Slain by Sigmund
             ... wielding a +0 scythe
              (9 damage)
             ... on level 2 of the Dungeon.
             The game lasted 00:02:19 (1321 turns).

bande the Trooper (Gargoyle Fighter)                Turns: 1321, Time: 00:02:20

Health: -2/33      AC: 12    Str: 19    XL:     5   Next: 50%
Magic:  5/5        EV:  9    Int:  9    God:
Gold:   119        SH:  4    Dex: 11    Spells: 4/4 levels left

rFire   . . .      SeeInvis .    a - +0 war axe
rCold   . . .      Faith    .    c - +0 buckler
rNeg    + . .      Spirit   .    b - +0 scale mail
rPois   ∞          Reflect  .    (no helmet)
rElec   +          Harm     .    (no cloak)
rCorr   .          Rampage  .    m - +0 pair of gloves
Will    .....                    (no boots)
Stlth   ..........               (no amulet)
HPRegen 0.25/turn                (no ring)
MPRegen 0.09/turn                (no ring)

@: mighty
A: sickness immunity, AC +4, negative energy resistance 1, electricity
resistance, torment resistance 1, petrification resistance
a: no special abilities


You were on level 2 of the Dungeon.
You visited 1 branch of the dungeon, and saw 2 of its levels.

You collected 119 gold pieces.

Inventory:

Hand Weapons
 a - a +0 war axe (weapon)
 g - a +0 flail
Armour
 b - a +0 scale mail (worn)
 c - a +0 buckler (worn)
 m - a +0 pair of gloves (worn)
Jewellery
 h - a ring of wizardry
Wands
 l - a wand of light (6)
Scrolls
 e - a scroll of amnesia {unknown}
 j - a scroll of brand weapon {unknown}
 k - a scroll of magic mapping {unknown}
Potions
 f - a potion of brilliance {unknown}
 i - a potion of lignification {unknown}
 n - a potion of magic {unknown}


   Skills:
 + Level 4.2 Fighting
 + Level 3.7 Axes
 + Level 3.9 Armour
 + Level 3.8 Shields
 * Level 0.5 Evocations


You had 4 spell levels left.
You didn't know any spells.
Your spell library contained the following spells:

 Spells                   Type           Power      Damage    Failure   Level
 Magic Dart               Conj           0%         1d3       83%         1
 Call Imp                 Summ           0%         N/A       93%         2
 Mephitic Cloud           Conj/Pois/Air  0%         N/A       99%         3
 Ozocubu's Armour         Ice            0%         N/A       99%         3
 Metabolic Englaciation   Hex/Ice        0%         N/A       100%        5
 Simulacrum               Ice/Necr       0%         N/A       100%        6


Dungeon Overview and Level Annotations

Branches:
Dungeon (2/15)

Altars:

Annotations:
D:2 Sigmund


Innate Abilities, Weirdness & Mutations

You are immune to sickness and miasma.
Your stone body is resilient. (AC +4)
You are immune to poison.
You resist negative energy. (rN+)
You are resistant to electric shocks. (rElec)
You are resistant to unholy torment.
You are immune to petrification.


Message History

You kill the ball python!
You see here a ball python corpse.
You now have 119 gold pieces (gained 9).
You open the door.
There is an open door here.
Sigmund the Dreaded comes into view.
He is wielding a +0 scythe.
Sigmund shouts!
Sigmund is nearby!
You feel very mighty all of a sudden. Sigmund barely misses you.
You closely miss Sigmund. Sigmund hits you but does no damage.
You slash Sigmund!
Sigmund is heavily wounded.
Sigmund gestures at you while chanting.
You are confused.
Sigmund hits you but does no damage. Sigmund attacks as you move away!
Sigmund closely misses you. x2
You miss Sigmund.
Sigmund is heavily wounded.
Sigmund mumbles some strange words.
Sigmund flickers and vanishes!
Deactivating autopickup; reactivate with Ctrl-A.
Something hits you!
You're too confused to move!
Something hits you.
You feel less confused. Something hits you.
You closely miss something. You block something's attack.
You closely miss something. You miss something.
Something hits you but does no damage.
You closely miss something. Something hits you!
* * * LOW HITPOINT WARNING * * *
You closely miss something.
You hear some strange, mumbled words.
A puff of flame appears from out of thin air!
The puff of flame hits you but does no damage.
You miss something. Something hits you.
* * * LOW HITPOINT WARNING * * *
You barely miss something. Something hits you!
You die...

.....#'#####..............#
###..#.##########.............
#..#.##.....# #.............
#..#.##.....# #.............
####†##.....###.............
#.#......'..........#....
####.#......##...#######....
#....#......##.........
#......#######@.#######
#............#{........
############.#...###### #...#
#...# #...# #...# #.... ...##


There were no monsters in sight!

Vanquished Creatures
  Jessica (D:2)
  Natasha (thrice) (D:2)
  6 dart slugs
  4 orcs (D:2)
  5 bats
  4 endoplasms
  3 giant cockroaches
  3 goblins
  5 hobgoblins (D:1)
  4 kobolds (D:1)
  4 quokkas (D:2)
  8 ball pythons
  3 rats
53 creatures vanquished.

Vanquished Creatures (others)
  A fungus (D:2)
  2 plants (D:2)
3 creatures vanquished.

Grand Total: 56 creatures vanquished

Notes
Turn   | Place    | Note
-------+----------+-------------------------------------------
     0 | D:1      | bande the Gargoyle Fighter began the quest for the Orb.
     0 | D:1      | Reached XP level 1. HP: 14/14 MP: 1/1
    18 | D:1      | Reached XP level 2. HP: 17/19 MP: 2/2
   247 | D:1      | Reached XP level 3. HP: 23/23 MP: 3/3
   776 | D:2      | Reached XP level 4. HP: 29/29 MP: 4/4
   884 | D:2      | Found a faded altar of an unknown god.
   892 | D:2      | Noticed Jessica
   897 | D:2      | Killed Jessica
   898 | D:2      | Reached skill level 4 in Fighting
   914 | D:2      | Noticed Natasha
   917 | D:2      | Killed Natasha
   926 | D:2      | Reached XP level 5. HP: 33/33 MP: 5/5
   977 | D:2      | Noticed Natasha
   985 | D:2      | Killed Natasha
  1179 | D:2      | Noticed Natasha
  1190 | D:2      | Killed Natasha
  1301 | D:2      | Noticed Sigmund
  1321 | D:2      | Slain by Sigmund

Illustrated notes

Levels and vault maps discovered:
D:1:      dpeg_arrival_pond, layout_rooms, st_stairs_7
D:2:      layout_basic, shapermc_ecumenical_altar_mp_urbaneastern, minivault_26,
          uniq_jessica, uniq_natasha, uniq_crazy_yiuf_cottage, uniq_sigmund

Skill      XL: |  1  2  3  4 |
---------------+-------------+-----
Axes           | 2 3 |  3.7
Fighting       | 4 |  4.2
Armour         | |  3.9
Shields        | |  3.8
Evocations     | |  0.5

Action                   |  1- 3 |  4- 6 || total
-------------------------+-------+-------++-------
Melee: War axe           |    85 |    43 ||   128
  Use: Potion            |       |     1 ||     1
Armor: Scale mail        |    47 |    20 ||    67
Dodge: Dodged            |    43 |    18 ||    61
Block: Buckler           |    20 |     6 ||    26

Table legend: (Time is in decaauts)
 A = Elapsed time spent in this place.
 B = Non-inter-level travel time spent in this place.
 C = Inter-level travel time spent in this place.
 D = Time resting spent in this place.
 E = Time spent auto-exploring this place.
 F = Levels seen in this place.
 G = Mean time per level.
                   A        B        C        D        E       F      G
               +--------+--------+--------+--------+--------+-----+--------+
         Total |   1373 |   1373 |      0 |    152 |    826 |   2 |  686.5 |
       Dungeon |   1373 |   1373 |      0 |    152 |    826 |   2 |  686.5 |
               +--------+--------+--------+--------+--------+-----+--------+

Top non-repeatable levels by time:
     D:2: 834 daAuts
     D:1: 538 daAuts
